[ AOE2 MATCH · #505725827 ]
UnrankedHuns vs Khmer
Player's team · WIN
Rival team · LOSS
[ REPLAY ANALYSIS · EXTRACTED FROM THE RECORDED GAME ]
Feudal
10:11
Castle
23:22
Imperial
—
| APM avg | 72.9 |
| APM peak | 106 |
| eAPM avg | 33.6 |
| Villagers / military | 83 / 79 |
Focus
⚔️ 30.8% · 🌾 69.2%
Knight ×41 · Archer ×18 · Skirmisher ×7 · Battering Ram ×6 · Militia ×3 · Mangonel ×2
Feudal
9:23
Castle
22:15
Imperial
—
| APM avg | 55.9 |
| APM peak | 97 |
| eAPM avg | 22.8 |
| Villagers / military | 76 / 44 |
Focus
⚔️ 34.7% · 🌾 65.3%
Archer ×21 · Battle Elephant ×14 · Skirmisher ×4 · Knight ×3 · Mangonel ×1 · Scorpion ×1
Match map
Initial resources + every placement click. Lines = walls · curves = elevation contours. ◆ gold · ⬟ stone · ● berries · ✦ relic · ◌ wall gap
Your base· Open — unwalled flank
Soloarqueros's base· Open — unwalled flank
Smoothed initial terrain · ◌ = detected wall gap · hover for details
Inputs per minute
— Pedro - - Soloarqueros
Build order — Pedro
First 150 of 234 actions detected
| 0:00 | Queue | Villager (Male) |
| 0:00 | Queue | Villager (Male) |
| 0:00 | Queue | Villager (Male) |
| 0:01 | Queue | Villager (Male) |
| 1:09 | Queue | Villager (Male) |
| 1:40 | Queue | Villager (Male) |
| 2:30 | Queue | Villager (Male) |
| 2:40 | Queue | Villager (Male) |
| 2:45 | Build | Lumber Camp |
| 3:11 | Queue | Villager (Male) |
| 3:44 | Queue | Villager (Male) |
| 3:55 | Queue | Villager (Male) |
| 4:20 | Queue | Villager (Male) |
| 4:42 | Queue | Villager (Male) |
| 5:14 | Queue | Villager (Male) |
| 5:28 | Build | Barracks |
| 5:32 | Queue | Villager (Male) |
| 5:46 | Queue | Villager (Male) |
| 6:24 | Research | Loom |
| 6:30 | Build | Mill |
| 6:30 | Queue | Villager (Male) |
| 6:33 | Queue | Militia |
| 6:33 | Queue | Militia |
| 6:34 | Queue | Villager (Male) |
| 6:57 | Queue | Villager (Male) |
| 7:09 | Queue | Villager (Male) |
| 7:16 | Queue | Militia |
| 7:21 | Queue | Villager (Male) |
| 8:01 | Research | Feudal Age |
| 8:46 | Build | Lumber Camp |
| 9:09 | Queue | Villager (Male) |
| 9:17 | Queue | Villager (Male) |
| 9:50 | Queue | Villager (Male) |
| 9:50 | Queue | Villager (Male) |
| 10:11 | Age | Feudal Age |
| 10:14 | Queue | Villager (Male) |
| 10:19 | Build | Archery Range |
| 10:25 | Research | Double-Bit Axe |
| 10:25 | Research | Double-Bit Axe |
| 10:30 | Research | Man-at-Arms (upgrade) |
| 10:48 | Queue | Villager (Male) |
| 11:04 | Queue | Archer |
| 11:04 | Queue | Archer |
| 11:19 | Queue | Villager (Male) |
| 11:26 | Build | Archery Range |
| 11:28 | Queue | Archer |
| 11:28 | Queue | Archer |
| 11:39 | Queue | Villager (Male) |
| 11:39 | Queue | Villager (Male) |
| 11:54 | Queue | Archer |
| 11:55 | Queue | Villager (Male) |
| 12:20 | Queue | Archer |
| 12:27 | Queue | Villager (Male) |
| 12:31 | Queue | Skirmisher |
| 12:34 | Queue | Villager (Male) |
| 12:43 | Build | Blacksmith |
| 12:43 | Queue | Villager (Male) |
| 12:56 | Queue | Archer |
| 12:59 | Queue | Skirmisher |
| 13:00 | Queue | Skirmisher |
| 13:13 | Queue | Spearman |
| 13:20 | Queue | Villager (Male) |
| 13:23 | Build | Farm |
| 13:32 | Research | Fletching |
| 14:02 | Queue | Archer |
| 14:03 | Queue | Archer |
| 14:03 | Queue | Villager (Male) |
| 14:05 | Build | Farm |
| 14:07 | Build | Farm |
| 14:34 | Queue | Archer |
| 14:53 | Queue | Villager (Male) |
| 14:55 | Build | Farm |
| 14:56 | Build | Farm |
| 14:57 | Build | Farm |
| 14:57 | Build | Farm |
| 15:10 | Queue | Villager (Male) |
| 15:14 | Build | Farm |
| 15:15 | Build | Farm |
| 15:32 | Queue | Villager (Male) |
| 15:34 | Build | Farm |
| 15:36 | Build | Farm |
| 15:36 | Build | Farm |
| 15:36 | Build | Farm |
| 15:36 | Build | Farm |
| 15:57 | Queue | Skirmisher |
| 15:57 | Queue | Skirmisher |
| 15:57 | Queue | Villager (Male) |
| 16:15 | Queue | Archer |
| 16:15 | Queue | Villager (Male) |
| 16:17 | Build | Farm |
| 16:30 | Queue | Archer |
| 16:45 | Build | Mining Camp |
| 16:48 | Queue | Villager (Male) |
| 17:01 | Queue | Villager (Male) |
| 17:05 | Research | Padded Archer Armor |
| 17:06 | Research | Padded Archer Armor |
| 17:06 | Queue | Archer |
| 17:36 | Queue | Villager (Male) |
| 17:38 | Build | Farm |
| 17:51 | Queue | Archer |
| 17:51 | Queue | Archer |
| 17:51 | Queue | Villager (Male) |
| 17:55 | Build | Mill |
| 18:05 | Queue | Skirmisher |
| 18:05 | Queue | Skirmisher |
| 18:22 | Queue | Archer |
| 18:22 | Queue | Villager (Male) |
| 18:22 | Queue | Villager (Male) |
| 18:43 | Queue | Archer |
| 18:43 | Queue | Villager (Male) |
| 18:50 | Build | Lumber Camp |
| 19:09 | Queue | Archer |
| 19:09 | Queue | Villager (Male) |
| 19:14 | Queue | Villager (Male) |
| 19:19 | Build | Farm |
| 19:20 | Build | Farm |
| 19:21 | Build | Farm |
| 19:36 | Build | Farm |
| 19:38 | Build | Farm |
| 20:21 | Build | Farm |
| 20:23 | Build | Farm |
| 20:42 | Research | Castle Age |
| 21:22 | Queue | Villager (Male) |
| 21:34 | Build | Stable |
| 21:35 | Build | Stable |
| 22:28 | Research | Scale Barding Armor |
| 22:29 | Research | Forging |
| 22:39 | Queue | Villager (Male) |
| 22:48 | Research | Bloodlines |
| 22:48 | Research | Bloodlines |
| 23:22 | Age | Castle Age |
| 23:26 | Queue | Knight |
| 23:26 | Queue | Knight |
| 23:26 | Queue | Knight |
| 23:27 | Queue | Villager (Male) |
| 23:28 | Queue | Villager (Male) |
| 23:31 | Build | Market |
| 23:32 | Queue | Villager (Male) |
| 23:41 | Build | Siege Workshop |
| 23:59 | Queue | Villager (Male) |
| 24:00 | Build | Farm |
| 24:01 | Build | Farm |
| 24:02 | Queue | Villager (Male) |
| 24:07 | Queue | Knight |
| 24:12 | Research | Horse Collar |
| 24:23 | Queue | Mangonel |
| 24:28 | Queue | Knight |
| 24:32 | Queue | Villager (Male) |
| 24:33 | Build | Farm |
| 24:45 | Queue | Knight |
Build order — Soloarqueros
First 150 of 228 actions detected
| 0:00 | Queue | Villager (Male) |
| 0:00 | Queue | Villager (Male) |
| 0:01 | Queue | Villager (Male) |
| 0:01 | Queue | Villager (Male) |
| 0:02 | Build | House |
| 0:04 | Build | House |
| 1:22 | Queue | Villager (Male) |
| 1:56 | Queue | Villager (Male) |
| 2:08 | Build | Lumber Camp |
| 2:22 | Queue | Villager (Male) |
| 2:42 | Queue | Villager (Male) |
| 3:19 | Queue | Villager (Male) |
| 3:47 | Queue | Villager (Male) |
| 3:52 | Build | House |
| 4:05 | Queue | Villager (Male) |
| 4:32 | Queue | Villager (Male) |
| 4:35 | Queue | Villager (Male) |
| 5:06 | Build | Mill |
| 5:22 | Queue | Villager (Male) |
| 5:30 | Build | House |
| 5:46 | Queue | Villager (Male) |
| 6:04 | Queue | Villager (Male) |
| 6:26 | Research | Loom |
| 7:13 | Research | Feudal Age |
| 7:40 | Build | Barracks |
| 7:57 | Build | Palisade Gate |
| 8:01 | Build | Palisade Wall |
| 9:11 | Queue | Villager (Male) |
| 9:23 | Age | Feudal Age |
| 9:25 | Build | Farm |
| 9:26 | Research | Double-Bit Axe |
| 9:27 | Research | Horse Collar |
| 9:33 | Build | Farm |
| 9:48 | Queue | Villager (Male) |
| 10:01 | Build | House |
| 10:08 | Build | Archery Range |
| 10:14 | Queue | Villager (Male) |
| 10:18 | Build | Palisade Wall |
| 10:19 | Build | Palisade Wall |
| 10:20 | Build | Palisade Wall |
| 10:27 | Queue | Villager (Male) |
| 10:39 | Build | Mining Camp |
| 10:43 | Queue | Villager (Male) |
| 10:49 | Queue | Archer |
| 11:01 | Queue | Villager (Male) |
| 11:22 | Queue | Villager (Male) |
| 11:46 | Build | Blacksmith |
| 11:55 | Queue | Villager (Male) |
| 11:57 | Build | Farm |
| 12:02 | Build | Farm |
| 12:17 | Queue | Archer |
| 12:24 | Build | Farm |
| 12:25 | Build | Farm |
| 12:37 | Queue | Villager (Male) |
| 12:42 | Queue | Archer |
| 12:47 | Build | House |
| 13:00 | Queue | Villager (Male) |
| 13:13 | Build | Farm |
| 13:14 | Queue | Villager (Male) |
| 13:19 | Build | House |
| 13:20 | Queue | Villager (Male) |
| 13:23 | Queue | Archer |
| 13:31 | Build | Market |
| 13:33 | Queue | Archer |
| 13:41 | Queue | Villager (Male) |
| 13:50 | Queue | Skirmisher |
| 14:03 | Research | Fletching |
| 14:10 | Build | House |
| 14:11 | Queue | Archer |
| 14:17 | Build | Gate |
| 14:20 | Build | House |
| 14:21 | Queue | Villager (Male) |
| 14:26 | Queue | Villager (Male) |
| 14:34 | Queue | Archer |
| 14:38 | Queue | Villager (Male) |
| 15:03 | Queue | Archer |
| 15:05 | Queue | Archer |
| 15:09 | Build | Farm |
| 15:20 | Build | House |
| 15:24 | Queue | Archer |
| 15:42 | Build | Watch Tower |
| 15:46 | Queue | Archer |
| 16:00 | Queue | Villager (Male) |
| 16:34 | Build | Palisade Wall |
| 16:40 | Queue | Archer |
| 16:43 | Queue | Villager (Male) |
| 16:44 | Queue | Villager (Male) |
| 16:49 | Build | Stone Wall |
| 16:50 | Queue | Villager (Male) |
| 16:56 | Build | House |
| 17:00 | Build | Stone Wall |
| 17:03 | Build | Stone Wall |
| 17:07 | Queue | Archer |
| 17:30 | Build | House |
| 17:47 | Queue | Villager (Male) |
| 18:00 | Build | Palisade Wall |
| 18:06 | Queue | Villager (Male) |
| 18:06 | Queue | Archer |
| 18:07 | Queue | Archer |
| 18:13 | Queue | Archer |
| 18:24 | Build | House |
| 18:25 | Queue | Villager (Male) |
| 19:08 | Research | Town Watch |
| 19:35 | Research | Castle Age |
| 19:41 | Queue | Archer |
| 20:18 | Queue | Archer |
| 20:31 | Queue | Villager (Male) |
| 21:13 | Research | Padded Archer Armor |
| 21:27 | Queue | Archer |
| 21:43 | Queue | Villager (Male) |
| 22:15 | Age | Castle Age |
| 22:15 | Queue | Villager (Male) |
| 22:31 | Research | Elite Skirmisher (upgrade) |
| 22:32 | Queue | Skirmisher |
| 22:52 | Queue | Skirmisher |
| 22:53 | Queue | Villager (Male) |
| 23:01 | Build | Town Center |
| 23:13 | Queue | Archer |
| 23:15 | Queue | Villager (Male) |
| 23:19 | Build | House |
| 23:37 | Build | Siege Workshop |
| 23:39 | Queue | Villager (Male) |
| 23:40 | Queue | Archer |
| 23:42 | Queue | Skirmisher |
| 23:59 | Build | Siege Workshop |
| 24:13 | Build | House |
| 24:34 | Queue | Mangonel |
| 24:45 | Queue | Villager (Male) |
| 24:49 | Queue | Scorpion |
| 25:17 | Queue | Villager (Male) |
| 25:42 | Queue | Villager (Male) |
| 25:47 | Build | Stable |
| 26:04 | Queue | Villager (Male) |
| 26:09 | Build | Stable |
| 26:11 | Build | Palisade Wall |
| 26:13 | Build | Palisade Wall |
| 26:24 | Build | Stable |
| 27:01 | Queue | Villager (Male) |
| 27:13 | Build | House |
| 27:13 | Queue | Villager (Male) |
| 27:18 | Build | Farm |
| 27:24 | Queue | Battle Elephant |
| 27:31 | Build | House |
| 27:34 | Build | Palisade Wall |
| 27:38 | Build | Palisade Wall |
| 27:41 | Build | Palisade Wall |
| 27:49 | Build | House |
| 27:51 | Build | Farm |
| 27:52 | Build | Farm |
| 27:52 | Queue | Villager (Male) |
Match timeline
| 5:28 | Pedro · first_building Barracks |
| 7:40 | Soloarqueros · first_building Barracks |
| 8:01 | Soloarqueros · wall_segment Palisade Wall x9 |
| 9:23 | Soloarqueros · age_up feudal |
| 10:08 | Soloarqueros · first_building Archery Range |
| 10:11 | Pedro · age_up feudal |
| 10:18 | Soloarqueros · wall_segment Palisade Wall x1 |
| 10:19 | Pedro · first_building Archery Range |
| 10:19 | Soloarqueros · wall_segment Palisade Wall x1 |
| 10:20 | Soloarqueros · wall_segment Palisade Wall x1 |
| 16:34 | Soloarqueros · wall_segment Palisade Wall x1 |
| 16:49 | Soloarqueros · wall_segment Stone Wall x5 |
| 17:00 | Soloarqueros · wall_segment Stone Wall x2 |
| 17:03 | Soloarqueros · wall_segment Stone Wall x5 |
| 18:00 | Soloarqueros · wall_segment Palisade Wall x1 |
| 18:48 | Soloarqueros · first_market_buy 100 food |
| 19:14 | Soloarqueros · first_market_sell 100 wood |
| 21:34 | Pedro · first_building Stable |
| 22:15 | Soloarqueros · age_up castle |
| 23:22 | Pedro · age_up castle |
| 23:37 | Soloarqueros · first_building Siege Workshop |
| 23:41 | Pedro · first_building Siege Workshop |
| 24:22 | Pedro · first_market_sell 100 wood |
| 25:47 | Soloarqueros · first_building Stable |
| 26:11 | Soloarqueros · wall_segment Palisade Wall x1 |
| 26:13 | Soloarqueros · wall_segment Palisade Wall x1 |
| 27:34 | Soloarqueros · wall_segment Palisade Wall x1 |
| 27:38 | Soloarqueros · wall_segment Palisade Wall x1 |
| 27:41 | Soloarqueros · wall_segment Palisade Wall x1 |
| 28:44 | Soloarqueros · first_building Castle |
| 29:32 | Soloarqueros · wall_segment Palisade Wall x1 |
| 29:50 | Pedro · first_market_buy 100 wood |
| 35:23 | Pedro · first_building Monastery |
| 35:35 | Soloarqueros · first_building Monastery |
| 36:19 | Soloarqueros · resign |
[ AI ANALYSIS · 1 CREDIT ]
What really happened in this match?
Wolo.gg analyzes every decision: build order, eco, micro, common mistakes by bracket. Personalized analysis on WhatsApp or Discord in 30 seconds.
Civ guide
Huns
Perfil
Jugador #339375